 Dungeon Crawl Stone Soup version 0.21-a0-531-gacddea6 (webtiles) character file.

235 Gerstahl the Skirmisher (level 5, -19/66 HPs)
             Began as a Demonspawn Monk on Dec 12, 2017.
             Blown up by Ijyb (21 damage)
             ... with a wand of disintegration (8)
             ... on level 4 of the Dungeon.
             The game lasted 00:06:03 (4464 turns).

Gerstahl the Skirmisher (Demonspawn Monk)           Turns: 4464, Time: 00:06:04

Health: -19/66     AC: 22    Str: 16    XL:     5   Next: 76%
Magic:  5/5        EV:  2    Int: 11    God:
Gold:   216        SH:  0    Dex: 17    Spells: 4/4 levels left

rFire    + . .     SeeInvis .   a - +0 falchion
rCold    x . .     Gourm    .   (no shield)
rNeg     + + +     Faith    .   (armour currently unavailable)
rPois    +         Spirit   .   (helmet currently unavailable)
rElec    .         Reflect  .   (cloak currently unavailable)
rCorr    .         Harm     .   (gloves currently unavailable)
MR       .....     NoTele   +   (boots currently unavailable)
Stlth    ++........             (no amulet)
HPRegen  0.21/turn              p - ring of fire
MPRegen  0.09/turn              (no ring)

@: mighty, tree-form
A: no striking features
a: no special abilities


You were on level 4 of the Dungeon.
You were not hungry.
You were a tree.
You visited 1 branch of the dungeon, and saw 4 of its levels.

You collected 216 gold pieces.

Inventory:

Hand Weapons
 a - a +0 falchion (weapon)
Armour
 b - a +0 robe
 q - a +0 ring mail (melded)
Jewellery
 p - a ring of fire (left branch)
Scrolls
 d - a scroll of random uselessness {unknown}
 e - a scroll of amnesia {unknown}
 g - 3 scrolls of remove curse {unknown}
 j - 3 scrolls of enchant weapon {unknown}
 m - a scroll of noise {unknown}
 n - a scroll of fog {unknown}
 o - a scroll of fear {unknown}
 r - 6 scrolls of identify {unknown}
 s - a scroll of enchant armour {unknown}
Potions
 f - a potion of lignification
 t - 2 potions of flight
 u - a potion of heal wounds {unknown}
 v - a potion of berserk rage {unknown}
 w - a potion of ambrosia {unknown}
 x - a potion of curing {unknown}
 z - a potion of magic {unknown}
Books
 k - a book of Misfortune

   Spells                             Type                      Level
   a - Confusing Touch                Hexes                        1
   b - Confuse                        Hexes                        3
   c - Gell's Gravitas                Translocation                3
   d - Petrify                        Transmutation/Earth          4
   e - Metabolic Englaciation         Hexes/Ice                    5
   f - Yara's Violent Unravelling     Hexes/Transmutation          5
 y - a book of Cantrips

   Spells                             Type                      Level
   a - Confusing Touch                Hexes                        1
   b - Animate Skeleton               Necromancy                   1
   c - Summon Small Mammal            Summoning                    1
   d - Apportation                    Translocation                1
Comestibles
 c - 4 bread rations
 h - 4 fruits
 l - 6 meat rations


   Skills:
 + Level 5.1 Fighting
 + Level 4.6 Long Blades
 - Level 2.6 Dodging
 - Level 1.7 Stealth


You had 4 spell levels left.
You didn't know any spells.

Dungeon Overview and Level Annotations

Branches:
Dungeon (4/15)
 Temple: D:4-7

Altars:
Wu Jian
Xom

Annotations:
D:4 Ijyb


Innate Abilities, Weirdness & Mutations

((You have sharp fingernails.))
((You have a pair of small horns on your head.))
((You have sharp toenails.))


Message History

Ijyb zaps a wand.
You are blasted!
* * * LOW HITPOINT WARNING * * *
You cannot move.
Ijyb zaps a wand.
You are blasted!
* * * LOW HITPOINT WARNING * * *
You hit Ijyb but do no damage. Ijyb hits you but does no damage.
It was a potion of flight.
Your roots keep you in place.
Ijyb hits you but does no damage.
It was a potion of might.
You feel very mighty all of a sudden. Ijyb hits you but does no damage.
You hit Ijyb but do no damage. Ijyb hits you but does no damage.
You slash Ijyb!
Ijyb is moderately wounded.
Ijyb zaps a wand.
You are blasted!
* * * LOW HITPOINT WARNING * * *
You hit Ijyb but do no damage.
Ijyb is moderately wounded.
Ijyb zaps a wand.
You are blasted!
You die...

..........................#####
.......................#......#
......................#....####
.........$...........##.##..##
.....................#..##...#
........................#..#.##
.......l..............#....##.#
...........##g#######.#....##..
...........#..♣.....#......#.##
...........#........#.#.....##
...........#........#...[...#
...#.......#........#.......##
.# ###.....#........#........##
#..#..#........#.....##..#
#.###.#........#...####..#
#........#.### ##.#
#.#######'##.## #.#


You could see Ijyb.

Vanquished Creatures
  2 hounds
  An orc wizard (D:2)
  4 adders
  An ooze (D:4)
  6 worms
  A dart slug (D:1)
  3 leopard geckos
  10 orcs
  6 bats
  3 giant cockroaches
  3 goblins
  12 hobgoblins
  2 jackals (D:3)
  6 kobolds
  7 frilled lizards
  6 rats
73 creatures vanquished.

Notes
Turn   | Place    | Note
-------+----------+-------------------------------------------
     0 | D:1      | Gerstahl the Demonspawn Monk began the quest for the Orb.
     0 | D:1      | Reached XP level 1. HP: 18/18 MP: 1/1
   411 | D:1      | Gained mutation: You have a pair of small horns on your head. [demonic ancestry]
   411 | D:1      | Reached XP level 2. HP: 5/24 MP: 2/2
  1772 | D:2      | Reached XP level 3. HP: 13/30 MP: 3/3
  2289 | D:2      | Reached skill level 4 in Fighting
  2289 | D:2      | Gained mutation: You have sharp toenails. [demonic ancestry]
  2289 | D:2      | Reached XP level 4. HP: 21/37 MP: 4/4
  3402 | D:3      | Found an ornate altar of the Wu Jian Council.
  3627 | D:3      | Gained mutation: You have sharp fingernails. [demonic ancestry]
  3627 | D:3      | Reached XP level 5. HP: 35/43 MP: 5/5
  3792 | D:3      | Found a shimmering altar of Xom.
  4217 | D:4      | Noticed an ogre
  4248 | D:3      | Reached skill level 5 in Fighting
  4430 | D:4      | Noticed Ijyb
  4463 | D:4      | HP: 2/66 [disintegration (10)]
  4464 | D:4      | Blown up by Ijyb

Vault maps used:
D:1:      kilobyte_arrival_exit_the_forest, serial_co_window_serial,
          co_window_paths_b, co_window_paths_b, co_window_paths_a,
          co_window_cross_1, co_window_paths_a, co_window_broadway_c,
          co_window_of_opportunity_b, co_window_corner_ca, co_window_4corner_b,
          co_window_paths_d, glass_columns_b, fountainhead
D:2:      minmay_ruptured
D:3:      old_standard_altar, roderic_lattice_a, tgw_xom
D:4:      lemuel_coloured_pillars_altar, temple_fountains, minivault_25,
          uniq_crazy_yiuf_cottage, uniq_natasha, uniq_ijyb

Skill      XL: |  1  2  3  4  5 |
---------------+----------------+-----
Long Blades    | 3 4 |  4.6
Fighting       | 4 5 |  5.1
Dodging        | |  2.6
Stealth        | |  1.7

Action                   |  1- 3 |  4- 6 || total
-------------------------+-------+-------++-------
Melee: Falchion          |   125 |   123 ||   248
       Headbutt          |    15 |    26 ||    41
       Kick              |       |    38 ||    38
  Use: Potion            |       |     3 ||     3
 Stab: Sleeping          |     4 |       ||     4
  Eat: Chunk             |     4 |     5 ||     9
       Royal jelly       |       |     1 ||     1
Armor: Robe              |    17 |     7 ||    24
       Ring mail         |       |    29 ||    29
       Skin              |       |     9 ||     9
Dodge: Dodged            |    94 |    98 ||   192
       Rpst.: Falchion   |    29 |    21 ||    50

Table legend:
 A = Spawn XP
 B = Non-spawn XP
 C = Spawn XP percentage of total XP
 D = Spawn monster count
 E = Non-spawn monster count
 F = Spawn count percentage of total count
 G = Total turns spent on level
                    A         B        C        D         E        F      G
               +---------+---------+-------+---------+---------+-------+---------
         Total |       0 |     336 |   0.0 |       0 |      73 |   0.0 |  4464
               +---------+---------+-------+---------+---------+-------+---------
           D:1 |       0 |      32 |   0.0 |       0 |      17 |   0.0 |  1841
           D:2 |       0 |     132 |   0.0 |       0 |      27 |   0.0 |  1453
           D:3 |       0 |      92 |   0.0 |       0 |      21 |   0.0 |   920
           D:4 |       0 |      80 |   0.0 |       0 |       8 |   0.0 |   250
               +---------+---------+-------+---------+---------+-------+---------
